Map: Dusk Towers

Players

Miszu

  • Race: Terran Terran
  • League: Master

ChillerView - Winner!

  • Race: Terran Terran
  • League: Master

VOD

Have the link to the VOD?

Description

Time

  • Played on: June 11, 2016, 1:32 p.m.
  • Length: 3:35
Show
View Real Time Build Order
Export as new Build Order

Miszu Terran 

Build Orders: 1/1/1 

Get SALT Encoding   

  12  0:00  SCV  
  13  0:12  SCV  
  14  0:18  Supply Depot  
  14  0:25  SCV  
  15  0:34  Refinery  
  15  0:40  SCV  
  16  0:44  Barracks  
  16  0:52  SCV  
  17  1:05  SCV  
  17  1:09  Refinery  
  18  1:17  SCV  
  20  1:34  Factory  
  20  1:35  Orbital Command  
  20  1:43  Reaper  
  20  1:50  Supply Depot  
  20  2:01  SCV  
  21  2:13  SCV  
  22  2:15  Reaper  
  22  2:20  Starport, Hellion  
  25  2:25  SCV  
  26  2:30  Supply Depot  
  26  2:37  SCV  
  26  2:41  Hellion  
  29  2:48  Reaper  
  29  2:50  SCV  
  30  3:06  Hellion  
  34  3:15  Command Center  
  35  3:27  Barracks Reactor  
Show
View Real Time Build Order
Export as new Build Order

ChillerView Terran - Winner!

Build Orders: 1/1/1 

Get SALT Encoding   

  12  0:00  SCV  
  13  0:12  SCV  
  14  0:18  Supply Depot  
  14  0:25  SCV  
  15  0:39  SCV  
  15  0:41  Barracks  
  16  0:44  Refinery  
  16  0:51  SCV  
  16  0:54  Refinery  
  17  1:03  SCV  
  18  1:16  SCV  
  19  1:28  Marine, Orbital Command  
  20  1:35  Factory  
  20  1:44  Supply Depot  
  20  1:48  Reaper  
  20  1:54  SCV  
  22  2:06  SCV  
  23  2:18  SCV  
  23  2:19  Starport, Hellion  
  23  2:20  Reaper  
  27  2:28  Supply Depot  
  27  2:30  SCV  
  28  2:40  Hellion  
  30  2:49  SCV  
  30  2:50  Supply Depot  
  31  2:53  Reaper  
  31  3:01  Medivac  
  31  3:02  Hellion  
  33  3:08  SCV  
  33  3:11  Barracks  
Tags
 
Add a new tag
Caveats
  • Supply blocks, unpowered buildings, or Contaminate may cause inaccurate times.
  • Supply counts are checked every 10 seconds.